[Event "FAI-ch Open 2021"]
[Site "Klaksvik"]
[Date "2021.03.30"]
[Round "4.4"]
[White "Morkore, Rogvi"]
[Black "Hojgaard, Brandur"]
[Result "1-0"]
[ECO "C77"]
[WhiteElo "1685"]
[BlackElo "1720"]
[Annotator "NA RC"]
[PlyCount "59"]
[EventDate "2021.03.27"]
[EventType "swiss"]
[EventCountry "FAI"]
[SourceTitle "playchess.com"]
[Source "ChessBase"]
[SourceQuality "1"]
[TimeControl "40/5400+30:900+30"]

1. e4 e5 2. Nf3 Nc6 3. Bb5 a6 4. Ba4 Nf6 5. d3 Bc5 6. O-O d6 7. c3 b5 8. Bc2 h6 9. Nbd2 Bb6 10. h3 O-O 11. Re1 Ne7 12. a4 Bb7 13. Nf1 Ng6 14. Ng3 c5 15. Be3 d5 16. Qc1 dxe4 17. dxe4 c4 18. Bxh6 gxh6 19. Qxh6 Bc8 20. Nf5 Bxf5 21. exf5 Nf4 22. Nxe5 N4h5 23. g4 Ng7 24. Rad1 Qc7 25. Qxf6 Qc5 26. Qh4 f6 27. Nd7 Qc6 28. Be4 Qc7 29. Bd5+ Rf7 30. Nxf6+ 1-0

[Event "FAI-ch Open 2021"]
[Site "Klaksvik"]
[Date "2021.03.30"]
[Round "4.5"]
[White "Joensen, Jakup F."]
[Black "Danielsen, Andrias"]
[Result "1/2-1/2"]
[ECO "B46"]
[WhiteElo "1690"]
[BlackElo "1911"]
[Annotator "NA"]
[PlyCount "43"]
[EventDate "2021.03.27"]
[EventType "swiss"]
[EventCountry "FAI"]
[SourceTitle "playchess.com"]
[Source "ChessBase"]
[SourceQuality "1"]
[TimeControl "40/5400+30:900+30"]

1. e4 c5 2. Nf3 e6 3. d4 cxd4 4. Nxd4 Nc6 5. Nc3 a6 6. Be3 Qc7 7. h3 Nf6 8. g4 Bb4 9. Bg2 d5 10. exd5 Nxd5 11. Bxd5 exd5 12. O-O Bxc3 13. bxc3 O-O 14. Qd2 Na5 15. Bf4 Qd8 16. Rfe1 Nc4 17. Qe2 Qh4 18. Kg2 Bd7 19. Qe7 Qxe7 20. Rxe7 Bc6 21. Rae1 Rac8 22. f3 1/2-1/2

[Event "FAI-ch Open 2021"]
[Site "Klaksvik"]
[Date "2021.03.30"]
[Round "4.6"]
[White "Bertholdsen, Bjarki"]
[Black "Olsen, Kaj"]
[Result "0-1"]
[ECO "C47"]
[WhiteElo "1353"]
[BlackElo "1677"]
[Annotator "NA RC"]
[PlyCount "56"]
[EventDate "2021.03.27"]
[EventType "swiss"]
[EventCountry "FAI"]
[SourceTitle "playchess.com"]
[Source "ChessBase"]
[SourceQuality "1"]
[TimeControl "40/5400+30:900+30"]

1. e4 e5 2. Nf3 Nf6 3. Nc3 Nc6 4. Bc4 Nxe4 5. Nxe4 d5 6. Bxd5 Qxd5 7. d3 Bg4 8. Be3 f5 9. Nc3 Bb4 10. O-O Bxc3 11. bxc3 O-O-O 12. a4 Rhe8 13. h3 Bh5 14. Kh2 e4 15. dxe4 Qxe4 16. Qc1 Bxf3 17. gxf3 Qxf3 18. Ra3 Re6 19. c4 Qe4 20. c5 Nd4 21. Bg5 Rg6 22. Qf4 Qxf4+ 23. Bxf4 Nxc2 24. Ra2 Nd4 25. f3 Ne6 26. Be3 Rd3 27. Re1 f4 28. Bf2 Ng5 0-1

[Event "FAI-ch Open 2021"]
[Site "Klaksvik"]
[Date "2021.03.31"]
[Round "5.1"]
[White "Skaale, Janus"]
[Black "Gregersen, Hedin"]
[Result "1-0"]
[ECO "B07"]
[WhiteElo "1809"]
[BlackElo "1842"]
[Annotator "NA RC"]
[PlyCount "61"]
[EventDate "2021.03.27"]
[EventType "swiss"]
[EventCountry "FAI"]
[SourceTitle "playchess.com"]
[Source "ChessBase"]
[SourceQuality "1"]
[TimeControl "40/5400+30:900+30"]

1. e4 d6 2. d4 Nf6 3. Nc3 g6 4. Be3 a6 5. h3 Bg7 6. f4 b5 7. e5 dxe5 8. dxe5 Nfd7 9. Qf3 c6 10. Bd3 Bb7 11. Nge2 Nb6 12. O-O-O Qc7 13. Be4 O-O 14. Nd4 Nc4 15. Bf2 a5 16. Ndxb5 Qc8 17. b3 Nxe5 18. fxe5 Nd7 19. Nd4 Nxe5 20. Qe3 a4 21. Nxa4 Nc4 22. Qe2 Bh6+ 23. Kb1 Rxa4 24. bxa4 Ba6 25. Bd3 Qb7+ 26. Nb3 Na3+ 27. Kb2 Bg7+ 28. Kxa3 Bc3 29. Bc5 Ra8 30. Bxa6 Rxa6 31. Qc4 1-0

[Event "FAI-ch Open 2021"]
[Site "Klaksvik"]
[Date "2021.03.31"]
[Round "5.2"]
[White "Joensen, Henrik W."]
[Black "Morkore, Rogvi"]
[Result "1-0"]
[ECO "C01"]
[WhiteElo "1535"]
[BlackElo "1685"]
[Annotator "NA RC"]
[PlyCount "93"]
[EventDate "2021.03.27"]
[EventType "swiss"]
[EventCountry "FAI"]
[SourceTitle "playchess.com"]
[Source "ChessBase"]
[SourceQuality "1"]
[TimeControl "40/5400+30:900+30"]

1. e4 e6 2. d4 d5 3. exd5 exd5 4. c4 Nf6 5. Nf3 Bb4+ 6. Nc3 O-O 7. Be2 dxc4 8. O-O Nc6 9. Bxc4 Bg4 10. a3 Bxf3 11. gxf3 Bd6 12. f4 Qd7 13. f3 Rad8 14. Ne4 Nxe4 15. fxe4 Bc5 16. Be3 Bxd4 17. Bxd4 Qxd4+ 18. Qxd4 Nxd4 19. Rac1 c5 20. Kf2 Rfe8 21. Bd5 b6 22. Rfd1 Rb8 23. b4 Rec8 24. a4 Kf8 25. Ke3 Ke7 26. f5 g6 27. fxg6 hxg6 28. e5 Nf5+ 29. Kf4 cxb4 30. Rb1 a5 31. Re1 Rc2 32. e6 f6 33. Rg1 Rf2+ 34. Ke4 Rh8 35. Bb3 Rh4+ 36. Kd5 Rd2+ 37. Kc6 Rd6+ 38. Kb7 g5 39. Rbc1 Rh8 40. Rc7+ Kf8 41. Rf1 Ne7 42. Rxf6+ Ke8 43. Rf7 Nd5 44. Rc8+ Rd8 45. Bxd5 Rxc8 46. Kxc8 Rh7 47. Bc6# 1-0

[Event "FAI-ch Open 2021"]
[Site "Klaksvik"]
[Date "2021.03.31"]
[Round "5.3"]
[White "Olsen, Kaj"]
[Black "Christiansen, Esbern"]
[Result "0-1"]
[ECO "C10"]
[WhiteElo "1677"]
[BlackElo "1775"]
[Annotator "NA"]
[PlyCount "44"]
[EventDate "2021.03.27"]
[EventType "swiss"]
[EventCountry "FAI"]
[SourceTitle "playchess.com"]
[Source "ChessBase"]
[SourceQuality "1"]
[TimeControl "40/5400+30:900+30"]

1. e4 e6 2. d4 d5 3. Nc3 dxe4 4. Nxe4 Nf6 5. Bd3 Nc6 6. Nf3 b6 7. Nxf6+ gxf6 8. Bf4 Bb7 9. Qd2 Qd7 10. c3 O-O-O 11. O-O-O Be7 12. Be4 f5 13. Bd3 Rhg8 14. Rhg1 f6 15. Rde1 Na5 16. Qe2 e5 17. Nh4 Kb8 18. Bb5 Qd5 19. dxe5 Qxa2 20. Nxf5 Ba3 21. Ba4 Qa1+ 22. Kc2 Qxb2# 0-1

[Event "FAI-ch Open 2021"]
[Site "Klaksvik"]
[Date "2021.03.31"]
[Round "5.5"]
[White "Tummasarson, Flovin M."]
[Black "Joensen, Jakup F."]
[Result "1-0"]
[ECO "B00"]
[WhiteElo "1743"]
[BlackElo "1690"]
[Annotator "NA RC"]
[PlyCount "105"]
[EventDate "2021.03.27"]
[EventType "swiss"]
[EventCountry "FAI"]
[SourceTitle "playchess.com"]
[Source "ChessBase"]
[SourceQuality "1"]
[TimeControl "40/5400+30:900+30"]

1. e4 Nc6 2. Nf3 f5 3. e5 e6 4. d4 Be7 5. h4 d6 6. Bb5 a6 7. Bxc6+ bxc6 8. Qe2 d5 9. Be3 Rb8 10. c4 dxc4 11. Nc3 Bb4 12. O-O Bxc3 13. bxc3 Qd5 14. Rab1 Rb5 15. Nd2 Ne7 16. Qh5+ Ng6 17. Qg5 Qd8 18. Qxd8+ Kxd8 19. h5 Ne7 20. Bg5 Kd7 21. Bxe7 Kxe7 22. a4 Rxb1 23. Rxb1 g5 24. hxg6 hxg6 25. Nxc4 g5 26. Na5 Kd7 27. Nb3 Ke7 28. Nc5 Rd8 29. Rb8 Re8 30. Ra8 Rd8 31. Ra7 Rd7 32. Nxa6 Bxa6 33. Rxa6 c5 34. Rc6 cxd4 35. cxd4 Rxd4 36. Rxc7+ Kd8 37. Rc6 Kd7 38. Rd6+ Rxd6 39. exd6 Kxd6 40. Kf1 Kc5 41. Ke2 Kb4 42. Kd3 e5 43. f3 Kxa4 44. Kc4 e4 45. fxe4 fxe4 46. Kd4 Kb5 47. Kxe4 Kc5 48. Kf5 Kd6 49. Kxg5 Ke7 50. Kg6 Kf8 51. g4 Kg8 52. g5 Kh8 53. Kf7 1-0

[Event "FAI-ch Open 2021"]
[Site "Klaksvik"]
[Date "2021.03.31"]
[Round "5.8"]
[White "Tidemann-Andersen, Leif"]
[Black "Bertholdsen, Bjarki"]
[Result "1-0"]
[ECO "A03"]
[WhiteElo "1661"]
[BlackElo "1353"]
[Annotator "NA RC"]
[PlyCount "81"]
[EventDate "2021.03.27"]
[EventType "swiss"]
[EventCountry "FAI"]
[SourceTitle "playchess.com"]
[Source "ChessBase"]
[SourceQuality "1"]
[TimeControl "40/5400+30:900+30"]

1. f4 d5 2. e3 c5 3. d4 cxd4 4. exd4 Nf6 5. Nf3 Nc6 6. c3 Bf5 7. Be2 e6 8. O-O Bd6 9. Ne5 Rc8 10. Bh5 O-O 11. Nd2 Ne4 12. Bf3 Nxd2 13. Bxd2 a6 14. Bg4 Be4 15. Bf3 f5 16. Be3 Rf6 17. Bh5 Qc7 18. Bf2 g6 19. Bh4 Rff8 20. Bf3 Bxe5 21. fxe5 Qb6 22. Bf6 Qxb2 23. Bxe4 fxe4 24. Qe1 Nd8 25. Qh4 Qxc3 26. Rab1 Qxd4+ 27. Kh1 Qc4 28. h3 b5 29. Kh2 Nb7 30. Qg4 e3 31. Qxe6+ Rf7 32. Bg5 d4 33. Qxc4 Rxc4 34. Bh6 Nc5 35. Rfc1 Ne6 36. Rxc4 bxc4 37. Rb8+ Nf8 38. e6 e2 39. e7 e1=Q 40. Rxf8+ Rxf8 41. exf8=Q# 1-0

[Event "FAI-ch Open 2021"]
[Site "Klaksvik"]
[Date "2021.04.01"]
[Round "6.1"]
[White "Morkore, Rogvi"]
[Black "Skaale, Janus"]
[Result "1/2-1/2"]
[ECO "A20"]
[WhiteElo "1685"]
[BlackElo "1809"]
[Annotator "NA RC"]
[PlyCount "62"]
[EventDate "2021.03.27"]
[EventType "swiss"]
[EventCountry "FAI"]
[SourceTitle "playchess.com"]
[Source "ChessBase"]
[SourceQuality "1"]
[TimeControl "40/5400+30:900+30"]

1. c4 e5 2. g3 Nf6 3. Bg2 d5 4. cxd5 Nxd5 5. Nc3 Nb6 6. d3 Be7 7. Nf3 Nc6 8. O-O O-O 9. Be3 Be6 10. Rc1 f6 11. Nd2 Nd5 12. Nxd5 Bxd5 $11 13. Bxd5+ Qxd5 14. Qb3 Qxb3 15. Nxb3 Rfd8 16. Bc5 Rac8 17. Bxe7 Nxe7 18. Rc2 b6 19. Rfc1 c5 20. Nd2 Nc6 21. Rc4 Rd4 22. Nf3 Rxc4 23. Rxc4 Ne7 24. a3 a5 25. Nd2 Kf7 26. Kf1 Nc6 27. Ne4 Rd8 28. Nd2 Ke6 29. Rc3 Rb8 30. e3 Rd8 31. Ke2 Rb8 1/2-1/2

[Event "FAI-ch Open 2021"]
[Site "Klaksvik"]
[Date "2021.04.01"]
[Round "6.2"]
[White "Christiansen, Esbern"]
[Black "Joensen, Henrik W."]
[Result "0-1"]
[ECO "B24"]
[WhiteElo "1775"]
[BlackElo "1535"]
[Annotator "NA RC"]
[PlyCount "130"]
[EventDate "2021.03.27"]
[EventType "swiss"]
[EventCountry "FAI"]
[SourceTitle "playchess.com"]
[Source "ChessBase"]
[SourceQuality "1"]
[TimeControl "40/5400+30:900+30"]

1. e4 c5 2. Nc3 Nc6 3. Bb5 g6 4. Bxc6 bxc6 5. f4 Bg7 6. Nf3 Bxc3 7. bxc3 d5 8. e5 e6 9. O-O Ne7 10. d3 O-O 11. Qe1 c4 12. d4 Nf5 13. g4 Ng7 14. Ba3 Re8 15. Kg2 Rb8 16. Bd6 Rb2 17. Qc1 Rb7 18. Qa3 Bd7 19. Rab1 Qa8 20. Rb2 Rb5 21. Rxb5 cxb5 22. Qc1 Qd8 23. f5 f6 24. Qh6 exf5 25. exf6 Re2+ 26. Kg1 Qxf6 27. Be5 Qe7 28. g5 Ne6 29. Bf6 Qf8 30. Qh4 Re4 31. Qf2 Rg4+ 32. Kh1 Rf4 33. Qg3 Re4 34. Ne5 Bc8 35. Nc6 f4 36. Qh4 Ng7 37. Rxf4 Nf5 38. Qf2 Qf7 39. Ne5 Qe8 40. Rxe4 dxe4 41. Qf4 Bb7 42. Kg1 e3 43. h4 Qa8 44. h5 Bh1 45. Qh2 e2 46. Qxe2 gxh5 47. Qh2 Bf3 48. Qf2 Be4 49. Nd7 Qd5 50. Qf4 Qxd7 51. Qxe4 Ng3 52. Qe5 h4 53. d5 a5 54. d6 Kf7 55. Be7 Qa7+ 56. Kg2 Qb7+ 57. Kh3 Qh1+ 58. Kg4 Qd1+ 59. Kxh4 Nh5 60. Qf5+ Ke8 61. Qc8+ Kf7 62. Qf8+ Ke6 63. Qg8+ Kd7 64. Qxh7 Qh1+ 65. Kg4 Nf6+ 0-1

[Event "FAI-ch Open 2021"]
[Site "Klaksvik"]
[Date "2021.04.01"]
[Round "6.4"]
[White "Gregersen, Einar"]
[Black "Tummasarson, Flovin M."]
[Result "1-0"]
[ECO "C95"]
[WhiteElo "1766"]
[BlackElo "1743"]
[Annotator "NA RC"]
[PlyCount "97"]
[EventDate "2021.03.27"]
[EventType "swiss"]
[EventCountry "FAI"]
[SourceTitle "playchess.com"]
[Source "ChessBase"]
[SourceQuality "1"]
[TimeControl "40/5400+30:900+30"]

1. e4 e5 2. Nf3 Nc6 3. Bb5 a6 4. Ba4 Nf6 5. O-O b5 6. Bb3 Be7 7. Re1 O-O 8. c3 d6 9. h3 Nb8 10. d4 Nbd7 11. Nbd2 Bb7 12. Bc2 c5 13. Nf1 Re8 14. Ng3 Bf8 15. d5 c4 16. Bg5 g6 17. Qd2 Bg7 18. Nh2 Qc7 19. f4 h6 20. fxe5 Rxe5 21. Bxh6 Bxh6 22. Qxh6 Rae8 23. Nf3 R5e7 24. Kh2 Ne5 25. Nxe5 Rxe5 26. Nf5 gxf5 27. Qg5+ Kh7 28. Qxf6 Qe7 29. Qxe7 R8xe7 30. Rad1 fxe4 31. Rd4 f5 32. g4 fxg4 33. Rdxe4 Rxe4 34. Rxe4 Rxe4 35. Bxe4+ Kh6 36. h4 Kh5 37. Kg3 a5 38. a3 a4 39. Bf5 Bxd5 40. Bxg4+ Kg6 41. Bd7 Be4 42. Bxb5 d5 43. Kf4 Kf6 44. Bxa4 Bd3 45. h5 Ke6 46. h6 Kd6 47. Ke3 Ke5 48. Kd2 Bg6 49. Bc2 1-0

[Event "FAI-ch Open 2021"]
[Site "Klaksvik"]
[Date "2021.04.01"]
[Round "6.5"]
[White "Funningstovu, Brandur I"]
[Black "Hojgaard, Brandur"]
[Result "1/2-1/2"]
[ECO "A61"]
[WhiteElo "1311"]
[BlackElo "1720"]
[Annotator "NA RC"]
[PlyCount "51"]
[EventDate "2021.03.27"]
[EventType "swiss"]
[EventCountry "FAI"]
[SourceTitle "playchess.com"]
[Source "ChessBase"]
[SourceQuality "1"]
[TimeControl "40/5400+30:900+30"]

1. Nf3 Nf6 2. d4 e6 3. c4 c5 4. d5 exd5 5. cxd5 d6 6. Nc3 g6 7. e4 Bg7 8. Bd3 O-O 9. O-O Bg4 10. h3 Bxf3 11. Qxf3 a6 12. Bf4 b5 13. a3 Qb6 14. g4 Nbd7 15. Qg3 Ne8 16. Rfe1 Ne5 17. Bc2 Nc7 18. h4 Rad8 19. a4 Nc4 20. b3 Bxc3 21. Qxc3 Ne5 22. Bxe5 dxe5 23. Qxe5 Rde8 24. Qf4 f6 25. a5 Qa7 26. Qe3 1/2-1/2

[Event "FAI-ch Open 2021"]
[Site "Klaksvik"]
[Date "2021.04.01"]
[Round "6.7"]
[White "Petersen, Elias"]
[Black "Tidemann-Andersen, Leif"]
[Result "1-0"]
[ECO "A84"]
[WhiteElo "1403"]
[BlackElo "1661"]
[Annotator "NA RC"]
[PlyCount "95"]
[EventDate "2021.03.27"]
[EventType "swiss"]
[EventCountry "FAI"]
[SourceTitle "playchess.com"]
[Source "ChessBase"]
[SourceQuality "1"]
[TimeControl "40/5400+30:900+30"]

1. c4 f5 2. d4 e6 3. Nc3 c6 4. Nf3 d5 5. Bf4 Nf6 6. e3 Be7 7. Bd3 O-O 8. h3 Ne4 9. g4 Bh4 10. Bxe4 fxe4 11. Nxh4 Qxh4 12. c5 Nd7 13. Bg3 Qf6 14. Qe2 b6 15. cxb6 axb6 16. O-O-O Ba6 17. Qd2 Bd3 18. Rh2 Ra6 19. b3 Rfa8 20. Kb2 Qe7 21. a4 b5 22. Ra1 Qb4 23. Nxe4 Qxd2+ 24. Nxd2 bxa4 25. bxa4 Rxa4 26. Rxa4 Rxa4 27. Rh1 Nb6 28. Rc1 Nc4+ 29. Nxc4 dxc4 30. Bd6 Ra7 31. Bb4 Rb7 32. Kc3 g5 33. Ra1 Kg7 34. Ra6 Rf7 35. Rxc6 Rxf2 36. Ba5 Rc2+ 37. Kb4 Rb2+ 38. Kc5 c3 39. Bxc3 Rb5+ 40. Kd6 Kf7 41. Rc7+ Kg6 42. Kxe6 Rb6+ 43. Ke5 Rf6 44. d5 h6 45. d6 Rf3 46. d7 Bb5 47. d8=Q Rxe3+ 48. Kd5 1-0

[Event "FAI-ch Open 2021"]
[Site "Klaksvik"]
[Date "2021.04.01"]
[Round "6.8"]
[White "Bertholdsen, Bjarki"]
[Black "Joensen, Jakup F."]
[Result "1-0"]
[ECO "C44"]
[WhiteElo "1353"]
[BlackElo "1690"]
[Annotator "NA RC"]
[PlyCount "111"]
[EventDate "2021.03.27"]
[EventType "swiss"]
[EventCountry "FAI"]
[SourceTitle "playchess.com"]
[Source "ChessBase"]
[SourceQuality "1"]
[TimeControl "40/5400+30:900+30"]

1. e4 Nc6 2. d4 e5 3. Nf3 exd4 4. Nxd4 Ne5 5. Be2 d6 6. Nc3 Nf6 7. Bg5 Be7 8. Qd2 O-O 9. Nf5 Bxf5 10. exf5 Qd7 11. f4 Nc6 12. g4 a6 13. h4 b5 14. O-O-O Rab8 15. Bf3 b4 16. Nd5 a5 17. Nxf6+ Bxf6 18. Bxf6 gxf6 19. Bxc6 Qxc6 20. Qd4 Qc5 21. Qxc5 dxc5 22. Rd7 Rbc8 23. g5 fxg5 24. fxg5 Rfe8 25. h5 Re5 26. Rf1 Rce8 27. Rxc7 Kf8 28. g6 hxg6 29. fxg6 Rxh5 30. Rcxf7+ Kg8 31. g7 Rhe5 32. R7f5 Kxg7 33. Rg1+ Kh6 34. Rxe5 Rxe5 35. a3 Re3 36. axb4 axb4 37. Kd2 Re5 38. Kd3 Rf5 39. Kc4 Re5 40. c3 bxc3 41. Kxc3 Rf5 42. Rg2 Rh5 43. Kc4 Rf5 44. Kb5 Re5 45. Rc2 Kg6 46. Rxc5 Re2 47. b4 Kf6 48. Ka6 Ke6 49. b5 Kd6 50. Rc1 Ra2+ 51. Kb7 Rb2 52. b6 Rb3 53. Ka7 Rb2 54. b7 Ra2+ 55. Kb8 Rb2 56. Kc8 1-0

[Event "FAI-ch Open 2021"]
[Site "Klaksvik"]
[Date "2021.04.02"]
[Round "7.1"]
[White "Skaale, Janus"]
[Black "Funningstovu, Brandur I"]
[Result "1-0"]
[ECO "C09"]
[WhiteElo "1809"]
[BlackElo "1311"]
[Annotator "NA"]
[PlyCount "75"]
[EventDate "2021.03.27"]
[EventType "swiss"]
[EventCountry "FAI"]
[SourceTitle "playchess.com"]
[Source "ChessBase"]
[SourceQuality "1"]
[TimeControl "40/5400+30:900+30"]

1. e4 e6 2. d4 d5 3. Nd2 c5 4. Ngf3 Nc6 5. exd5 exd5 6. Bb5 Bd6 7. dxc5 Bxc5 8. O-O h6 9. Nb3 Bd6 10. Nbd4 Nge7 11. b3 O-O 12. Bb2 a6 13. Be2 b5 14. a4 b4 15. Qd2 Bb7 16. Rfd1 Qc7 17. g3 f5 18. Ne6 Qd7 19. Nxf8 Rxf8 20. c4 bxc3 21. Qxc3 Rf7 22. Nd4 Bb4 23. Qc2 f4 24. Nxc6 Bxc6 25. Rd4 fxg3 26. hxg3 Bd6 27. Rc1 Be5 28. Bg4 Qa7 29. Rd3 d4 30. Be6 Be4 31. Bxf7+ Kxf7 32. Qc4+ Bd5 33. Qc2 Be4 34. Qc5 Qb8 35. Bxd4 Bd6 36. Qc4+ Nd5 37. Re3 Kg6 38. Rxe4 1-0

[Event "FAI-ch Open 2021"]
[Site "Klaksvik"]
[Date "2021.04.02"]
[Round "7.2"]
[White "Joensen, Henrik W."]
[Black "Gregersen, Hedin"]
[Result "1-0"]
[ECO "B09"]
[WhiteElo "1535"]
[BlackElo "1842"]
[Annotator "NA"]
[PlyCount "51"]
[EventDate "2021.03.27"]
[EventType "swiss"]
[EventCountry "FAI"]
[SourceTitle "playchess.com"]
[Source "ChessBase"]
[SourceQuality "1"]
[TimeControl "40/5400+30:900+30"]

1. e4 d6 2. d4 Nf6 3. Nc3 g6 4. f4 Bg7 5. Nf3 O-O 6. e5 Nfd7 7. Bc4 Nb6 8. Bb3 d5 9. Be3 Nc6 10. O-O Na5 11. Qe2 Nbc4 12. Bxc4 Nxc4 13. b3 Nxe3 14. Qxe3 Bf5 15. Rac1 b6 16. Nh4 Bc8 17. f5 c5 18. fxg6 hxg6 19. Ne2 cxd4 20. Nxd4 e6 21. Nhf3 f6 22. Kh1 f5 23. Qf4 Kf7 24. Ng5+ Ke8 25. Ngxe6 Bxe6 26. Nxe6 1-0

[Event "FAI-ch Open 2021"]
[Site "Klaksvik"]
[Date "2021.04.02"]
[Round "7.3"]
[White "Gregersen, Einar"]
[Black "Christiansen, Esbern"]
[Result "1-0"]
[ECO "C01"]
[WhiteElo "1766"]
[BlackElo "1775"]
[Annotator "NA"]
[PlyCount "67"]
[EventDate "2021.03.27"]
[EventType "swiss"]
[EventCountry "FAI"]
[SourceTitle "playchess.com"]
[Source "ChessBase"]
[SourceQuality "1"]
[TimeControl "40/5400+30:900+30"]

1. e4 e6 2. d4 d5 3. exd5 exd5 4. Nf3 Nc6 5. Be2 Bd6 6. O-O Nge7 7. c4 dxc4 8. Bxc4 O-O 9. Nc3 Bg4 10. h3 Bh5 11. g4 Bg6 12. Re1 Na5 13. Bb3 Nxb3 14. Qxb3 h5 15. Bg5 Qd7 16. Bxe7 hxg4 17. Nh4 gxh3 18. Bxd6 cxd6 19. Kh2 Qg4 20. Rg1 Qxh4 21. Rxg6 Qxf2+ 22. Kxh3 Qf5+ 23. Rg4 Rae8 24. Nd5 Re4 25. Nf6+ Qxf6 26. Rxe4 Qf5+ 27. Rg4 Re8 28. Kg3 Re2 29. Qf3 Qc2 30. Rf1 f6 31. Qd5+ Kf8 32. Rxf6+ gxf6 33. Qg8+ Ke7 34. Rg7# 1-0

[Event "FAI-ch Open 2021"]
[Site "Klaksvik"]
[Date "2021.04.02"]
[Round "7.5"]
[White "Tummasarson, Flovin M."]
[Black "Petersen, Elias"]
[Result "1-0"]
[ECO "C10"]
[WhiteElo "1743"]
[BlackElo "1403"]
[Annotator "NA"]
[PlyCount "87"]
[EventDate "2021.03.27"]
[EventType "swiss"]
[EventCountry "FAI"]
[SourceTitle "playchess.com"]
[Source "ChessBase"]
[SourceQuality "1"]
[TimeControl "40/5400+30:900+30"]

1. e4 e6 2. d4 d5 3. Nd2 dxe4 4. Nxe4 Nd7 5. Bd3 Ngf6 6. Nf3 Be7 7. Nxf6+ Nxf6 8. Ne5 O-O 9. c3 c5 10. Be3 cxd4 11. Bxd4 Qc7 12. Ng4 Qf4 13. Nxf6+ Bxf6 14. g3 Qh6 15. Be3 Bg5 16. f4 Be7 17. h4 f5 18. Qf3 Qg6 19. Bb5 Qg4 20. Qg2 Rd8 21. h5 Bd7 22. Be2 Bc6 23. Qf2 Bxh1 24. Bxg4 fxg4 25. Bd4 Bf3 26. Qe3 Kf7 27. h6 Bf6 28. hxg7 Kxg7 29. Kf2 Kf7 30. Re1 Re8 31. Bxf6 Kxf6 32. Qe5+ Kf7 33. Qh5+ Kg7 34. f5 e5 35. Qg5+ Kf7 36. f6 Rad8 37. Qg7+ Ke6 38. f7 Rf8 39. Rxe5+ Kd7 40. Rc5 Ke7 41. Qe5+ Kxf7 42. Rc7+ Kg6 43. Rg7+ Kh6 44. Qg5# 1-0

[Event "FAI-ch Open 2021"]
[Site "Klaksvik"]
[Date "2021.04.02"]
[Round "7.6"]
[White "Hojgaard, Brandur"]
[Black "Olsen, Kaj"]
[Result "1/2-1/2"]
[ECO "A48"]
[WhiteElo "1720"]
[BlackElo "1677"]
[Annotator "NA"]
[PlyCount "74"]
[EventDate "2021.03.27"]
[EventType "swiss"]
[EventCountry "FAI"]
[SourceTitle "playchess.com"]
[Source "ChessBase"]
[SourceQuality "1"]
[TimeControl "40/5400+30:900+30"]

1. Nf3 Nf6 2. d4 g6 3. Bf4 Bg7 4. e3 d5 5. h3 Bf5 6. Bd3 Qd7 7. Ne5 Qc8 8. Nc3 O-O 9. Nb5 Na6 10. a3 c6 11. Nc3 Nc7 12. Ne2 Bxd3 13. cxd3 Nd7 14. O-O Nxe5 15. dxe5 f6 16. exf6 Bxf6 17. d4 Re8 18. Rc1 e5 19. dxe5 Bxe5 20. Bxe5 Rxe5 21. Nf4 Ne6 22. Nd3 Rf5 23. Qe2 Ng5 24. f3 Qe6 25. Nc5 Qe7 26. e4 Re8 27. h4 dxe4 28. hxg5 Rxc5 29. f4 Rxc1 30. Rxc1 Qd6 31. Qe3 Qd3 32. Kf2 Rd8 33. Re1 Qd4 34. Re2 Kf7 35. Qxd4 Rxd4 36. Ke3 c5 37. Rc2 b6 1/2-1/2

[Event "FAI-ch Open 2021"]
[Site "Klaksvik"]
[Date "2021.04.02"]
[Round "7.7"]
[White "Tidemann-Andersen, Leif"]
[Black "Danielsen, Andrias"]
[Result "0-1"]
[ECO "A02"]
[WhiteElo "1661"]
[BlackElo "1911"]
[Annotator "ChessBase"]
[PlyCount "72"]
[EventDate "2021.03.27"]
[EventType "swiss"]
[EventCountry "FAI"]
[SourceTitle "playchess.com"]
[Source "ChessBase"]
[SourceQuality "1"]
[TimeControl "40/5400+30:900+30"]

1. f4 d6 2. e3 g6 3. d4 Bg7 4. Nf3 Nf6 5. c3 O-O 6. Be2 Nbd7 7. O-O c6 8. a4 Qc7 9. Bd2 e5 10. fxe5 dxe5 11. Ng5 h6 12. Nf3 Re8 13. Bc4 e4 14. Nh4 Nf8 15. Na3 Be6 16. Qb3 Kh7 17. Bxe6 Nxe6 18. g3 Ng5 19. Kg2 Qd7 20. Nf5 gxf5 21. Rf4 Nf3 22. Nc4 Nd5 23. Kf2 Nxf4 24. gxf4 b5 25. Ne5 Bxe5 26. fxe5 Nxd2 27. Qd1 Nf3 28. axb5 cxb5 29. h4 Rg8 30. Ra6 Rg7 31. Rf6 Rag8 32. Qxf3 exf3 33. e4 fxe4 34. h5 Rg2+ 35. Ke3 Re2+ 36. Kf4 Rg4# 0-1

[Event "FAI-ch Open 2021"]
[Site "Klaksvik"]
[Date "2021.04.02"]
[Round "7.8"]
[White "Rose, Kenneth T"]
[Black "Bertholdsen, Bjarki"]
[Result "1/2-1/2"]
[ECO "B77"]
[WhiteElo "1996"]
[BlackElo "1353"]
[Annotator "ChessBase"]
[PlyCount "50"]
[EventDate "2021.03.27"]
[EventType "swiss"]
[EventCountry "FAI"]
[SourceTitle "playchess.com"]
[Source "ChessBase"]
[SourceQuality "1"]
[TimeControl "40/5400+30:900+30"]

1. e4 c5 2. Nf3 d6 3. d4 cxd4 4. Nxd4 Nf6 5. Nc3 g6 6. f3 Bg7 7. Be3 O-O 8. Qd2 Nc6 9. Bc4 Bd7 10. O-O Rc8 11. Bb3 Ne5 12. Rfd1 Nc4 13. Bxc4 Rxc4 14. Rab1 Qc8 15. Nb3 a6 16. Na5 Nxe4 17. Nxe4 Rxc2 18. Rdc1 Rxd2 19. Rxc8 Rxg2+ 20. Kxg2 Bxc8 21. b3 d5 22. Nf2 Bc3 23. b4 Bf5 24. Rd1 Bxb4 25. Nxb7 Rb8 1/2-1/2